 Dungeon Crawl Stone Soup version 0.30-a0-728-gc68057be0a (webtiles) character file.

Game seed: 2239691358609635543

183 scionoferis the Ducker (level 5, 0/41 HPs)
             Began as a Demigod Hexslinger on Jan 30, 2023.
             Slain by a jelly (2 damage)
             ... on level 4 of the Dungeon.
             The game lasted 00:05:32 (2243 turns).

scionoferis the Ducker (Demigod Hexslinger)         Turns: 2243, Time: 00:05:32

Health: 0/41       AC:  1    Str: 11    XL:     5   Next: 13%
Magic:  9/9        EV: 13    Int: 15    God:
Gold:   112        SH:  0    Dex: 18    Spells: 5/6 levels left

rFire   . . .      SeeInvis .    a - +0 long sword
rCold   . . .      Faith    .    (no shield)
rNeg    . . .      Spirit   .    c - +0 robe
rPois   .          Reflect  .    l - +0 helmet
rElec   .          Harm     .    (no cloak)
rCorr   .          Rampage  .    o - +1 pair of gloves
Will    .....                    (no boots)
Stlth   ++                       m - amulet of the acrobat
HPRegen 0.26/turn                (no ring)
MPRegen 0.11/turn                (no ring)

@: corroded
A: high MP 1, forlorn, divine attributes
a: no special abilities


You were on level 4 of the Dungeon.
You visited 1 branch of the dungeon, and saw 4 of its levels.

You collected 112 gold pieces.


Innate Abilities, Weirdness & Mutations

You have an increased reservoir of magic. (+10% MP)
You shall have no god before yourself.
Your divine heritage dramatically boosts your attributes as you level up.


   Skills:
 + Level 2.0 Fighting
 * Level 2.1 Long Blades
 - Level 2.2 Ranged Weapons
 * Level 3.2 Dodging
 + Level 1.8 Stealth
 - Level 1.0 Spellcasting
 - Level 2.6 Hexes


You had 5 spell levels left.
You knew the following spells:

 Your Spells              Type           Power      Damage    Failure   Level
a - Slow                  Hex            32%        N/A       9%          1

Your spell library contained the following spells:

 Spells                   Type           Power      Damage    Failure   Level
 Ensorcelled Hibernation  Hex/Ice        8%         N/A       22%         2
 Necrotise                Necr           0%         1d4       24%         1
 Static Discharge         Conj/Air       0%         2-2/arc   36%         2
 Sublimation of Blood     Necr           0%         N/A       36%         2
 Inner Flame              Hex/Fire       4%         N/A       38%         3
 Portal Projectile        Hex/Tloc       8%         N/A       38%         3
 Vampiric Draining        Necr           0%         2d6       58%         3
 Cause Fear               Hex            4%         N/A       63%         4
 Petrify                  Tmut/Erth      0%         N/A       94%         4
 Agony                    Necr           0%         N/A       100%        5
 Arcjolt                  Conj/Air       0%         1d10      100%        5
 Irradiate                Conj/Tmut      0%         3d11      100%        5
 Conjure Ball Lightning   Conj/Air       0%         3x3d6     100%        6

Inventory:

Hand Weapons
 a - a +0 long sword (weapon)
   (You found it on level 1 of the Dungeon)
 b - a +0 longbow
   (You found it on level 1 of the Dungeon)
 h - a +1 sling
Missiles
 g - 5 javelins
Armour
 c - a +0 robe (worn)
 l - a +0 helmet (worn)
   (You found it on level 1 of the Dungeon)
 o - a +1 pair of gloves (worn)
   (You found it on level 2 of the Dungeon)
Jewellery
 m - an amulet of the acrobat (around neck)
   (You found it on level 2 of the Dungeon)
Scrolls
 d - 2 scrolls of torment {unknown}
 k - a scroll of poison
 n - a scroll of amnesia {unknown}
 p - a scroll of enchant weapon {unknown}
 q - a scroll of magic mapping {unknown}
 t - 2 scrolls of identify {unknown}
Potions
 e - a potion of attraction {unknown}
 f - 2 potions of brilliance {unknown}
 i - 2 potions of curing {unknown}
 j - a potion of lignification {unknown}
 r - 2 potions of ambrosia {unknown}
 s - 3 potions of mutation {unknown}

Dungeon Overview and Level Annotations

Branches:
Dungeon (4/15)
 Temple: D:4-7

Annotations:
D:2 Sigmund

..........
........
#......#+###
#...<......#
#..|.......#
#...........
##.##.J.......(
.......@.......
.(.#####$......
....... .......
....... .......
...[... ...####


You could see a jelly.


Message History

Welcome, scionoferis the Demigod Hexslinger.
A smirking vizier told you that the Orb of Zot is just within this dungeon.
Press ? for a list of commands and other information.
Found a staircase leading out of the dungeon.
Found 4 stones.
d - a scroll labelled JOADDIL PACUBB You see here 4 stones.
e - a sedimented coppery potion
Found 8 stones.
Found a ring mail.
Found 6 stones and a robe.
A ball python, a quokka and a bat come into view.
Found 8 gold pieces.
You now have 8 gold pieces.
A frilled lizard and an endoplasm come into view.
Found a robe and 7 gold pieces.
You see here a smoky coppery potion.
You shoot a sling bullet.
The sling bullet hits the endoplasm but does no damage.
The endoplasm quivers.
The frilled lizard hisses angrily.
You hear an angry hiss.
The bat hits you but does no damage. The bat barely misses you.
You shoot a sling bullet. The sling bullet hits the bat.
The bat is severely wounded.
The bat hits you. The bat closely misses you.
You shoot a sling bullet. The sling bullet hits the bat.
You kill the bat!
The quokka barely misses you.
You shoot a sling bullet.
The sling bullet barely misses the quokka.
The quokka misses you. The quokka barely misses you.
You shoot a sling bullet. The sling bullet hits the quokka.
You kill the quokka!
The ball python misses you. x2
You shoot a sling bullet. The sling bullet hits the ball python.
You kill the ball python!
You shoot a sling bullet. The sling bullet hits the endoplasm.
You kill the endoplasm!
Your Fighting skill increases to level 1!
Your Dodging skill increases to level 2!
You shoot a sling bullet.
The sling bullet misses the frilled lizard.
The frilled lizard bites you.
You shoot a sling bullet.
The sling bullet barely misses the frilled lizard.
The frilled lizard barely misses you.
You shoot a sling bullet.
The sling bullet closely misses the frilled lizard.
The frilled lizard barely misses you. x2
You shoot a sling bullet.
The sling bullet completely misses the frilled lizard.
The frilled lizard bites you.
You shoot a sling bullet.
The sling bullet hits the frilled lizard.
You kill the frilled lizard!
No target in view!
No target in view!
You start resting.
HP restored.
f - a smoky coppery potion
Things that are here:
a ball python corpse; a bat corpse You see here a +0 robe.
You now have 15 gold pieces (gained 7).
You see here a +0 robe.
A kobold comes into view. It is wielding a +0 club.
The kobold throws a stone.
The stone barely misses you.
You shoot a sling bullet.
The sling bullet closely misses the kobold.
The kobold throws a stone.
The stone hits you.
The kobold throws a stone.
The stone hits you.
You shoot a sling bullet. The sling bullet hits the kobold.
You kill the kobold!
Your Ranged Weapons skill increases to level 2!
No target in view!
No target in view!
No target in view!
Things that are here:
a +0 club; 2 stones; a kobold corpse You see here a +0 ring mail.
You see here 8 stones.
You see here 8 stones.
You see here a +0 ring mail.
An endoplasm comes into view.
You shoot a sling bullet. The sling bullet hits the endoplasm.
The endoplasm quivers.
The endoplasm is severely wounded.
You shoot a sling bullet.
The sling bullet barely misses the endoplasm.
You shoot a sling bullet. The sling bullet hits the endoplasm.
You kill the endoplasm!
No target in view!
Found an escape hatch in the floor.
A jackal comes into view.
The jackal barks!
A jackal comes into view. x2
You shoot a sling bullet. The jackal barks!
The sling bullet hits the jackal.
You kill the jackal!
You hear a shout!
You shoot a sling bullet.
The sling bullet closely misses the jackal.
You shoot a sling bullet.
The sling bullet closely misses the jackal.
You shoot a sling bullet. The sling bullet hits the jackal!
You kill the jackal!
A goblin comes into view. It is wielding a +0 dagger.
You have reached level 2!
You shoot a sling bullet. The sling bullet hits the jackal.
The jackal is severely wounded.
The jackal closely misses you.
The jackal bites you but does no damage.
You shoot a sling bullet.
The sling bullet barely misses the jackal.
The jackal barely misses you. x2
You shoot a sling bullet.
The sling bullet barely misses the jackal.
The jackal closely misses you. The jackal barely misses you.
You shoot a sling bullet. The sling bullet misses the jackal.
The jackal bites you but does no damage.
The jackal misses you.
You shoot a sling bullet.
The sling bullet barely misses the jackal.
The jackal barely misses you.
You shoot a sling bullet.
The sling bullet hits the jackal but does no damage.
The jackal is severely wounded.
The jackal barely misses you. x2
You shoot a sling bullet. The sling bullet hits the jackal.
You kill the jackal!
You shoot a sling bullet. The sling bullet hits the goblin.
The goblin is moderately wounded.
The goblin hits you with a +0 dagger.
You shoot a sling bullet. The sling bullet misses the goblin.
The goblin hits you with a +0 dagger. The goblin closely misses you.
You shoot a sling bullet. The sling bullet hits the goblin.
You kill the goblin!
No target in view!
No target in view!
No target in view!
An endoplasm comes into view.
You shoot a sling bullet. The endoplasm quivers.
The sling bullet hits the endoplasm.
The endoplasm is heavily wounded.
You shoot a sling bullet. The sling bullet hits the endoplasm.
You kill the endoplasm!
No target in view!
No target in view!
Things that are here:
a +0 dagger; a goblin corpse; a jackal corpse
Found 5 javelins.
Found a chain mail.
Found 4 stones.
You see here 5 javelins.
g - 5 javelins A bat comes into view.
You shoot a sling bullet. The sling bullet barely misses the bat.
You shoot a sling bullet.
The sling bullet closely misses the bat.
The bat closely misses you.
You shoot a sling bullet. The sling bullet hits the bat.
You kill the bat!
No target in view!
No target in view!
Found 6 stones.
Found a stone staircase leading down.
Found a longbow.
You see here a +0 longbow.
A frilled lizard comes into view.
You see here a +0 longbow.
h - a +0 longbow Adjust to which letter? (? for menu, Esc to quit)
a - a +0 longbow;
h - a +1 sling (weapon)
a - a +0 longbow (weapon)
The frilled lizard hisses angrily.
A rat comes into view.
You shoot an arrow. The arrow hits the rat!
You kill the rat!
You shoot an arrow. The arrow misses the frilled lizard.
You shoot an arrow. The arrow hits the frilled lizard.
You kill the frilled lizard!
i - 2 metallic black potions
There is a stone staircase leading down here.
A rat and a kobold come into view.
You shoot an arrow. The arrow closely misses the rat.
You shoot an arrow. The arrow hits the rat!
You kill the rat!
You shoot an arrow.
The arrow hits the kobold but does no damage.
The kobold closely misses you.
You shoot an arrow. The arrow misses the kobold.
The kobold closely misses you.
You shoot an arrow. The arrow closely misses the kobold.
The kobold barely misses you. The kobold hits you with a +0 dagger.
You shoot an arrow. The arrow barely misses the kobold.
The kobold barely misses you.
You shoot an arrow. The arrow barely misses the kobold.
The kobold misses you. The kobold barely misses you.
You shoot an arrow. The arrow barely misses the kobold.
The kobold hits you with a +0 dagger. x2
You shoot an arrow.
The arrow hits the kobold but does no damage.
The kobold hits you with a +0 dagger.
You shoot an arrow. The arrow hits the kobold!
You kill the kobold!
No target in view!
You see here a +0 dagger.
You see here a +0 dagger.
An endoplasm comes into view.
You shoot an arrow. The arrow hits the endoplasm.
The endoplasm quivers.
The endoplasm is moderately wounded.
You shoot an arrow. The arrow hits the endoplasm.
The endoplasm is severely wounded.
You shoot an arrow. The arrow hits the endoplasm!
You kill the endoplasm!
No target in view!
Found a stone staircase leading down.
Found a leather armour.
Found a pair of gloves and a long sword.
Found 5 stones.
Found a quarterstaff.
Found 4 gold pieces.
You see here a +0 pair of gloves.
j - a +0 pair of gloves
Found a long sword.
You see here a +0 long sword.
k - a +0 long sword You start putting on your armour.
You continue putting on your +0 pair of gloves. x4
You finish putting on your +0 pair of gloves.
Adjust to which letter? (? for menu, Esc to quit)
k - a +0 longbow (weapon);
a - a +0 long sword Adjust to which letter? (? for menu, Esc to quit)
b - a +0 longbow (weapon);
k - a scroll of poison You now have 19 gold pieces (gained 4).
You now have 29 gold pieces (gained 10).
Found a faded altar of an unknown god.
A rat comes into view.
You shoot an arrow. The arrow hits the rat!
You kill the rat!
You see here a rat corpse.
A bat comes into view.
You shoot an arrow. The arrow hits the bat!
You kill the bat!
Found 6 stones and a helmet.
You see here a +0 helmet.
l - a +0 helmet You start putting on your armour.
You continue putting on your +0 helmet. x4
You finish putting on your +0 helmet.
A quokka comes into view.
You shoot an arrow. The arrow hits the quokka!
You kill the quokka!
You hear an angry hiss.
A ball python comes into view.
You shoot an arrow.
The arrow barely misses the ball python.
The ball python hisses angrily.
a - a +0 long sword (weapon)
The ball python closely misses you. The ball python misses you.
You closely miss the ball python.
The ball python bites you but does no damage.
The ball python grabs you. The ball python constricts you.
You hit the ball python.
The ball python is severely wounded.
The ball python bites you but does no damage.
The ball python constricts you. The ball python bites you.
The ball python constricts you.
You hit the ball python.
You kill the ball python!
No target in view!
b - a +0 longbow (weapon)
You see here a ball python corpse.
You now have 37 gold pieces (gained 8).
There is a stone staircase leading down here.
Found a stone staircase leading down.
There is a stone staircase leading down here.
There is a stone staircase leading down here.
There is a stone staircase leading down here.
An endoplasm comes into view.
You shoot an arrow. The arrow hits the endoplasm.
The endoplasm quivers.
The endoplasm is heavily wounded.
You shoot an arrow. The arrow hits the endoplasm.
The endoplasm is almost dead.
You shoot an arrow. The arrow hits the endoplasm.
You kill the endoplasm!
A giant cockroach comes into view.
You shoot an arrow. The arrow hits the giant cockroach!
You kill the giant cockroach!
You see here a giant cockroach corpse.
You see here a ball python corpse.
You see here 6 stones.
Done exploring.
Done exploring.
There is a stone staircase leading down here.
You climb downwards.
Found a lumpy soapstone amulet.
Found a stone staircase leading up.
There is a stone staircase leading up here.
m - an amulet of the acrobat You start putting on your amulet.
You continue putting on your amulet of the acrobat. x5
You finish putting on your amulet of the acrobat.
You feel ready to tumble and roll out of harm's way.
m - an amulet of the acrobat (around neck) Search for what [? for help]? shop Can't find anything matching that.
A bat comes into view.
You shoot an arrow. The arrow hits the bat.
You kill the bat!
There is a stone staircase leading up here.
A bat comes into view.
You shoot an arrow. The arrow barely misses the bat.
The bat hits you but does no damage. The bat closely misses you.
The bat hits you but does no damage.
a - a +0 long sword (weapon)
You slash the bat!
You kill the bat!
No target in view!
b - a +0 longbow (weapon)
Found a dagger.
n - a scroll labelled REOGHU DEWO
f - 2 smoky coppery potions (gained 1)
You see here a +1 pair of gloves.
o - a +1 pair of gloves You start removing your armour.
You continue taking off your +0 pair of gloves. x4
You finish taking off your +0 pair of gloves.
You start putting on your armour.
You continue putting on your +1 pair of gloves. x5
You finish putting on your +1 pair of gloves.
Unknown command.
You drop a +0 pair of gloves.
A ball python comes into view.
Found a stone staircase leading down.
You shoot an arrow. The arrow hits the ball python!
You kill the ball python!
Found a stone staircase leading up.
A hobgoblin comes into view.
You shoot an arrow.
The arrow hits the hobgoblin but does no damage.
The hobgoblin shouts!
You hear an angry hiss.
You shoot an arrow. The arrow closely misses the hobgoblin.
You shoot an arrow. The arrow barely misses the hobgoblin.
The hobgoblin misses you.
A rat comes into view.
a - a +0 long sword (weapon)
You barely miss the hobgoblin. The hobgoblin closely misses you.
You slash the hobgoblin!
You kill the hobgoblin!
A ball python comes into view.
An endoplasm comes into view.
The ball python hisses angrily.
The ball python completely misses you. The ball python grabs you.
The ball python constricts you.
You completely miss the ball python. The ball python closely misses you.
The ball python constricts you. The ball python barely misses you.
The ball python constricts you.
You barely miss the ball python.
An adder comes into view.
The ball python bites you but does no damage.
The ball python constricts you. The rat bites you but does no damage.
You barely miss the ball python. The ball python bites you.
The ball python constricts you. The rat barely misses you.
The ball python misses you. The ball python constricts you.
You closely miss the ball python. The ball python barely misses you.
The ball python constricts you. The rat bites you but does no damage.
The ball python bites you. The ball python constricts you.
You hit the ball python but do no damage.
The rat bites you but does no damage. The ball python bites you.
The ball python constricts you. The rat bites you.
The adder hisses angrily.
You slash the ball python!
You kill the ball python!
The rat bites you.
You slash the rat!
You kill the rat!
You barely miss the adder. The adder barely misses you. The adder misses you.
You slash the adder!
The adder is severely wounded.
The adder bites you.
You slash the adder!
You kill the adder!
You have reached level 3!
Your experience leads to a dramatic increase in your attributes!
Increase (S)trength, (I)ntelligence, or (D)exterity?
You feel agile. x4
b - a +0 longbow (weapon)
HP restored.
You see here a hobgoblin corpse.
Found a dagger.
An endoplasm is nearby!
You shoot an arrow. The endoplasm quivers.
The arrow hits the endoplasm.
The endoplasm is heavily wounded.
You shoot an arrow. The arrow hits the endoplasm.
The endoplasm is heavily wounded.
The endoplasm closely misses you. The endoplasm misses you.
a - a +0 long sword (weapon)
You hit the endoplasm but do no damage.
The endoplasm is heavily wounded.
The endoplasm hits you but does no damage.
You slash the endoplasm!
You kill the endoplasm!
No target in view!
b - a +0 longbow (weapon)
A goblin comes into view. It is wielding a +0 club.
Found a bubbling sapphire potion.
You shoot an arrow. The arrow hits the goblin.
You kill the goblin!
There is a shaft here.
You pick up a book of Necromancy and begin reading...
You add the spells Necrotise, Vampiric Draining and Agony to your library.
j - a bubbling sapphire potion You see here a +0 club.
An endoplasm comes into view.
You shoot an arrow. The arrow hits the endoplasm.
The endoplasm is almost dead.
You shoot an arrow. The arrow hits the endoplasm!
You kill the endoplasm!
Your Stealth skill increases to level 1!
Found a mace.
Found a dagger.
You pick up the Precepts of Charged Hail and begin reading...
You add the spells Static Discharge, Ensorcelled Hibernation, Arcjolt and Conjure Ball Lightning to your library.
A ball python comes into view.
You shoot an arrow. The arrow hits the ball python!
You kill the ball python!
You hear a shout!
A goblin comes into view. It is wielding a +0 club.
You shoot an arrow. The arrow hits the goblin!
You kill the goblin!
A giant cockroach comes into view.
You shoot an arrow. The arrow hits the giant cockroach!
You kill the giant cockroach!
You see here a +0 club.
You see here a giant cockroach corpse.
Found a dagger.
Found a stormy altar of Qazlal.
No target in view!
Found a sling.
A worm comes into view.
You shoot an arrow. The arrow hits the worm.
The worm is lightly wounded.
You shoot an arrow. The arrow hits the worm.
The worm is heavily wounded.
You shoot an arrow. The arrow hits the worm.
The worm is heavily wounded.
a - a +0 long sword (weapon)
The worm closely misses you.
You hit the worm.
The worm is heavily wounded.
You slash the worm!
You kill the worm!
No target in view!
b - a +0 longbow (weapon)
You see here a +0 dagger.
A bat comes into view.
You shoot an arrow. The arrow hits the bat!
You kill the bat!
Your Long Blades skill increases to level 1!
Found 4 stones.
A ball python comes into view.
The ball python hisses angrily.
You shoot an arrow. The arrow hits the ball python.
The ball python is severely wounded.
The ball python bites you. The ball python grabs you.
The ball python constricts you.
a - a +0 long sword (weapon)
The ball python barely misses you. The ball python constricts you.
You barely miss the ball python.
The ball python is severely wounded.
The ball python bites you. The ball python constricts you.
You closely miss the ball python.
The ball python is severely wounded.
The ball python bites you but does no damage.
The ball python constricts you.
The ball python bites you but does no damage.
The ball python constricts you.
You hit the ball python.
You kill the ball python!
b - a +0 longbow (weapon)
You see here a ball python corpse.
You see here 4 stones.
A jackal comes into view.
Found a stone staircase leading down.
You shoot an arrow. The arrow hits the jackal!
You kill the jackal!
A jackal comes into view.
You shoot an arrow. The arrow hits the jackal!
You kill the jackal!
A jackal comes into view.
You shoot an arrow. The arrow closely misses the jackal.
You shoot an arrow. The arrow closely misses the jackal.
The jackal misses you.
a - a +0 long sword (weapon)
The jackal closely misses you.
You slash the jackal!
You kill the jackal!
No target in view!
b - a +0 longbow (weapon)
You see here a jackal corpse.
A jackal comes into view.
You shoot an arrow. The arrow hits the jackal.
The jackal barks!
The jackal is almost dead.
You shoot an arrow.
The arrow hits the jackal but does no damage.
The jackal is almost dead.
The jackal bites you.
a - a +0 long sword (weapon)
The jackal barely misses you.
You closely miss the jackal.
The jackal is almost dead.
The jackal completely misses you.
The jackal bites you but does no damage.
You slash the jackal!
You kill the jackal!
b - a +0 longbow (weapon)
d - 2 scrolls labelled JOADDIL PACUBB (gained 1)
A frilled lizard comes into view.
The frilled lizard hisses angrily.
You shoot an arrow.
The arrow closely misses the frilled lizard.
a - a +0 long sword (weapon)
You hit the frilled lizard.
The frilled lizard is heavily wounded.
The frilled lizard bites you but does no damage. x2
You miss the frilled lizard.
The frilled lizard is heavily wounded.
The frilled lizard bites you but does no damage.
You hit the frilled lizard.
You kill the frilled lizard!
b - a +0 longbow (weapon)
You see here a jackal corpse.
There is a stone staircase leading down here.
A dart slug comes into view.
You shoot an arrow. The arrow hits the dart slug.
The dart slug is moderately wounded.
The dart slug launches a dart at you. The slug dart misses you.
You shoot an arrow. The arrow hits the dart slug.
The dart slug is almost dead.
The dart slug launches a dart at you. The slug dart hits you.
You shoot an arrow. The arrow hits the dart slug!
You kill the dart slug!
You now have 45 gold pieces (gained 8).
You see here a +0 dagger.
There is a stone staircase leading down here.
You see here a ball python skeleton.
Found 7 stones.
You see here 7 stones.
A bat comes into view.
You shoot an arrow. The arrow closely misses the bat.
The bat misses you.
You shoot an arrow. The arrow hits the bat.
You kill the bat!
No target in view!
No target in view!
A dart slug and a bat come into view.
Found 12 gold pieces.
You shoot an arrow. The arrow hits the bat.
The bat is moderately wounded.
The bat barely misses you. x2
You shoot an arrow. The arrow barely misses the bat.
The bat hits you but does no damage. x2
The dart slug launches a dart at you.
The slug dart hits you but does no damage.
You shoot an arrow. The arrow hits the dart slug.
The dart slug is heavily wounded.
The bat closely misses you. The bat barely misses you. x2
You shoot an arrow. The arrow hits the dart slug.
You kill the dart slug!
The bat hits you but does no damage. The bat misses you.
The bat closely misses you.
You shoot an arrow. The arrow barely misses the bat.
The bat barely misses you. The bat closely misses you.
You shoot an arrow. The arrow hits the bat!
You kill the bat!
A worm comes into view.
You see here 12 gold pieces.
You shoot an arrow. The arrow hits the worm.
The worm is lightly wounded.
You shoot an arrow. The arrow hits the worm.
The worm is moderately wounded.
You shoot an arrow. The arrow hits the worm.
The worm is severely wounded.
You shoot an arrow. The arrow hits the worm!
You kill the worm!
No target in view!
No target in view!
You now have 57 gold pieces (gained 12).
Sigmund the Dreaded comes into view.
He is wielding a +0 scythe.
Found a stone staircase leading down.
p - a scroll labelled WUTHRI GYLIU You pick up a book of Alchemy and begin reading...
You add the spells Sublimation of Blood, Petrify and Irradiate to your library.
Partly explored, can't reach some places.
You see here a +0 sling.
There is a stone staircase leading down here.
Unknown command.
You climb downwards.
Found 12 gold pieces and a ring mail.
There is a stone staircase leading up here.
You shoot an arrow. The arrow hits the hobgoblin.
You kill the hobgoblin!
You now have 69 gold pieces (gained 12).
Found a burning altar of Makhleb.
You see here a +0 ring mail.
Found 2 stones and 3 boomerangs.
A ball python comes into view.
The ball python hisses angrily.
You shoot an arrow. The arrow hits the ball python.
You kill the ball python!
You now have 75 gold pieces (gained 6).
A centaur comes into view.
a - a +0 long sword (weapon)
Found a scroll labelled ILOIJ WOSKESH.
Found a stone staircase leading down.
Found a stone staircase leading up.
The helpless centaur fails to defend itself.
You hit the centaur.
The centaur is lightly wounded.
The centaur hits you.
The centaur kicks you but does no damage.
The centaur closely misses you. The centaur kicks you.
You hit the centaur.
The centaur is moderately wounded.
The centaur completely misses you.
The centaur kicks you but does no damage.
The centaur closely misses you. The centaur kicks you.
You barely miss the centaur.
The centaur is moderately wounded.
The centaur hits you. The centaur kicks you. The centaur misses you.
The centaur kicks you but does no damage.
The centaur hits you. The centaur kicks you.
You barely miss the centaur.
The centaur is moderately wounded.
The centaur barely misses you. The centaur closely misses you.
The centaur hits you but does no damage.
The centaur kicks you but does no damage.
You slash the centaur!
The centaur is heavily wounded.
The centaur misses you.
The centaur kicks you but does no damage.
The centaur closely misses you. x2
You slash the centaur!
The centaur is almost dead.
The centaur closely misses you. x2; The centaur hits you.
The centaur kicks you but does no damage.
You completely miss the centaur.
The centaur is almost dead.
The centaur hits you but does no damage.
The centaur kicks you. The centaur misses you. The centaur closely misses you.
You slash the centaur!
You kill the centaur!
Your Fighting skill increases to level 2!
Your Long Blades skill increases to level 2!
Your Dodging skill increases to level 3!
You have reached level 4!
You start resting.
HP restored.
b - a +0 longbow (weapon)
You see here a +0 shortbow.
q - a +0 shortbow You drop a +0 shortbow.
q - a scroll labelled ILOIJ WOSKESH
Found a mace.
An endoplasm comes into view.
An endoplasm is nearby!
You shoot an arrow. The arrow hits the endoplasm.
The endoplasm quivers.
The endoplasm is severely wounded.
You shoot an arrow. The arrow hits the endoplasm.
You kill the endoplasm!
r - 2 purple potions You see here a +0 mace.
You now have 91 gold pieces (gained 16).
A jackal comes into view.
A jackal is nearby!
You shoot an arrow. The arrow hits the jackal!
You kill the jackal!
No target in view!
A jackal comes into view.
You shoot an arrow. The arrow completely misses the jackal.
A jackal is nearby!
You shoot an arrow. The arrow hits the jackal!
You kill the jackal!
A ball python comes into view.
You shoot an arrow. The arrow hits the ball python.
The ball python hisses angrily.
The ball python is moderately wounded.
You shoot an arrow.
The arrow barely misses the ball python.
You shoot an arrow. The arrow hits the ball python!
You kill the ball python!
You see here a ball python corpse.
An orc comes into view. It is wielding a +0 flail.
Found a stone staircase leading down.
The orc shouts!
An orc comes into view. It is wielding a +0 dagger.
You shoot an arrow. The arrow closely misses the orc.
You shoot an arrow.
The arrow hits the orc but does no damage.
You hear a shout!
An orc comes into view. It is wielding a +0 club.
You shoot an arrow. The arrow barely misses the orc.
No target in view!
You shoot an arrow. The arrow hits the orc.
The orc is moderately wounded.
a - a +0 long sword (weapon)
You hit the orc.
The orc is almost dead.
The orc hits you with a +0 dagger.
You slash the orc!
You kill the orc!
The orc hits you with a +0 flail.
You barely miss the orc.
The orc is moderately wounded.
The orc misses you.
You barely miss the orc.
The orc is moderately wounded.
The orc completely misses you.
You barely miss the orc.
The orc is moderately wounded.
The orc hits you with a +0 flail. The orc barely misses you.
You hit the orc.
You kill the orc!
You have reached level 5!
You hit the orc.
The orc is heavily wounded.
The orc closely misses you.
You hit the orc but do no damage.
The orc is heavily wounded.
The orc hits you with a +0 club.
You hit the orc.
The orc is severely wounded.
The orc hits you with a +0 club. x2
You hit the orc but do no damage.
The orc is severely wounded.
The orc barely misses you.
You hit the orc.
The orc is almost dead.
The orc hits you but does no damage.
You hit the orc.
You kill the orc!
No target in view!
b - a +0 longbow (weapon)
Found a helmet.
Unknown command.
There is a stone staircase leading down here.
You now have 97 gold pieces (gained 6).
Found a ring mail.
Found 4 stones.
A worm comes into view.
You shoot an arrow. The arrow hits the worm.
The worm is moderately wounded.
You shoot an arrow. The arrow hits the worm!
The worm is severely wounded.
A worm is nearby!
You shoot an arrow. The arrow hits the worm!
You kill the worm!
A goblin comes into view. It is wielding a +0 club.
Found a stone staircase leading up.
You shoot an arrow. The arrow completely misses the goblin.
You shoot an arrow. The goblin shouts!
The arrow hits the goblin!
You kill the goblin!
A goblin comes into view. It is wielding a +0 club.
You shoot an arrow. The arrow barely misses the goblin.
The goblin shouts!
You shoot an arrow. The arrow hits the goblin!
You kill the goblin!
s - 2 emerald potions
t - a scroll labelled LOCWUM JAASUD You see here a worm corpse.
A bat comes into view.
You shoot an arrow. The arrow barely misses the bat.
The bat misses you.
You shoot an arrow. The arrow barely misses the bat.
The bat closely misses you.
You shoot an arrow. The arrow hits the bat.
You kill the bat!
No target in view!
A quokka comes into view.
A quokka is nearby!
You shoot an arrow. The arrow hits the quokka!
You kill the quokka!
No target in view!
No target in view!
s - 3 emerald potions (gained 1)
You see here a quokka corpse.
You now have 102 gold pieces (gained 5).
You see here a quokka corpse.
A goblin comes into view. It is wielding a +0 dagger.
The goblin shouts!
An orc comes into view. It is wielding a +0 flail.
You shoot an arrow. The orc shouts!
The arrow hits the goblin!
You kill the goblin!
You shoot an arrow. The arrow hits the orc.
The orc is severely wounded.
You shoot an arrow. The arrow closely misses the orc.
You shoot an arrow. The arrow hits the orc.
You kill the orc!
t - 2 scrolls labelled LOCWUM JAASUD (gained 1)
You now have 112 gold pieces (gained 10).
Things that are here:
a +0 flail; an orc corpse
Found a stone staircase leading down.
Found a blossoming altar of Fedhas.
Done exploring.
Done exploring.
Search for what [Enter for "shop", or ? for help]? d: Unknown command.
You see here 2 stones.
There is a stone staircase leading down here.
You climb downwards.
Found five items.
Found a stone staircase leading up.
There is a stone staircase leading up here.
Fire: b) +0 longbow
Press: ? - help, Q - select action, (/) - cycle Shift-Dir - straight line, f - jelly
Aim: a jelly (asleep, 98% to hit)
You shoot an arrow. The arrow hits the ufetubus.
The ufetubus shouts!
The ufetubus is heavily wounded.
The jelly quivers.
The ufetubus hits you. The ufetubus barely misses you.
You climb upwards.
There is a stone staircase leading down here.
a - a +0 long sword (weapon)
The ufetubus barely misses you. The ufetubus hits you.
You closely miss the ufetubus.
The ufetubus is heavily wounded.
The ufetubus barely misses you. The ufetubus completely misses you.
The ufetubus hits you but does no damage.
The ufetubus hits you.
You hit the ufetubus but do no damage.
The ufetubus is heavily wounded.
The ufetubus hits you. The ufetubus misses you.
The ufetubus barely misses you. x2
You miss the ufetubus.
The ufetubus is heavily wounded.
The ufetubus hits you but does no damage.
The ufetubus closely misses you. x2; The ufetubus misses you.
You barely miss the ufetubus.
The ufetubus is moderately wounded.
The ufetubus barely misses you. The ufetubus hits you.
The ufetubus hits you but does no damage.
The ufetubus hits you.
You hit the ufetubus.
The ufetubus is heavily wounded.
The ufetubus closely misses you. The ufetubus misses you.
The ufetubus barely misses you. The ufetubus closely misses you.
You hit the ufetubus but do no damage.
The ufetubus is heavily wounded.
The ufetubus barely misses you.
The ufetubus hits you but does no damage.
The ufetubus barely misses you. The ufetubus closely misses you.
You hit the ufetubus.
You kill the ufetubus!
No target in view!
You start resting.
HP restored.
You climb downwards.
The jelly closely misses you. The jelly hits you.
You are splashed with acid!
There is a stone staircase leading up here.
You hit the jelly.
Your hands burn!
The jelly is moderately wounded.
The jelly misses you.
You barely miss the jelly.
The jelly is moderately wounded.
The jelly barely misses you.
You hit the jelly.
Your hands burn!
The jelly is heavily wounded.
The jelly closely misses you. x2
You hit the jelly but do no damage.
Your hands burn!
The jelly is heavily wounded.
The jelly misses you.
You hit the jelly.
Your hands burn!
The jelly is severely wounded.
The jelly closely misses you.
You hit the jelly. The acid corrodes you!
Your hands burn!
The jelly is almost dead.
The jelly hits you.
* * * LOW HITPOINT WARNING * * *
You are splashed with acid!
* * * LOW HITPOINT WARNING * * *
You hit the jelly.
Your hands burn!
* * * LOW HITPOINT WARNING * * *
You punch the jelly, but do no damage.
The jelly is almost dead.
The jelly closely misses you. The jelly hits you.
You die...

Skill      XL: |  1  2  3 |
---------------+----------+-----
Fighting       | 1 2 |  2.0
Dodging        | 2 3 |  3.2
Ranged Weapons | 2 |  2.2
Stealth        | 1 |  1.8
Long Blades    | 2 |  2.1
Spellcasting   | |  1.0
Hexes          | |  2.6

Action                     |  1- 3 |  4- 6 || total
---------------------------+-------+-------++-------
  Melee: Long sword        |    37 |    26 ||    63
         Punch             |       |     1 ||     1
   Fire: Sling             |    36 |       ||    36
         Longbow           |    67 |    28 ||    95
   Stab: Sleeping          |     1 |       ||     1
 Armour: Robe              |    30 |     5 ||    35
  Dodge: Dodged            |    73 |    33 ||   106

Levels and vault maps discovered:
D:1:      dpeg_arrival_three_same_balls, layout_loops_ring,
          hellmonk_ecumenical_altar_lost_god, minmay_split_cup_large
D:2:      layout_loops_ring, basic_altar, uniq_sigmund
D:3:      layout_rooms, makhleb_altar_promises_db,
          mainiacjoe_overflow_tiny_flanked, chequers_mini_garden, nrook_campfire
D:4:      layout_basic, regret_index_temple_of_mockery,
          mainiacjoe_overflow_six_doors_small, uniq_duvessa

Notes
Turn   | Place    | Note
-------+----------+-------------------------------------------
     0 | D:1      | scionoferis the Demigod Hexslinger began the quest for the
                  | Orb.
     0 | D:1      | Reached XP level 1. HP: 15/15 MP: 4/4
    72 | D:1      | Reached skill level 1 in Fighting
    72 | D:1      | Reached skill level 2 in Dodging
    97 | D:1      | Reached skill level 2 in Ranged Weapons
   203 | D:1      | Reached XP level 2. HP: 23/23 MP: 5/5
   903 | D:2      | Reached XP level 3. HP: 19/28 MP: 6/6
  1002 | D:2      | Reached skill level 1 in Stealth
  1026 | D:2      | Got the Precepts of Charged Hail
  1106 | D:2      | Reached skill level 1 in Long Blades
  1515 | D:2      | Noticed Sigmund
  1638 | D:3      | Noticed an Executioner
  1664 | D:3      | Noticed a centaur
  1689 | D:3      | Killed a centaur
  1690 | D:3      | Reached skill level 2 in Fighting
  1690 | D:3      | Reached skill level 2 in Long Blades
  1690 | D:3      | Reached skill level 3 in Dodging
  1690 | D:3      | Reached XP level 4. HP: 16/36 MP: 8/8
  1877 | D:3      | Reached XP level 5. HP: 34/41 MP: 9/9
  2243 | D:4      | HP: 1/41 [acid (4)]
  2243 | D:4      | Slain by a jelly

Vanquished Creatures
  A centaur (D:3)
  An adder (D:2)
  An ufetubus (D:3)
  3 worms (D:2 D:3)
  2 dart slugs (D:2)
  4 orcs (D:3)
  9 bats (D:1 D:2 D:3)
  8 endoplasms (D:1 D:2 D:3)
  2 giant cockroaches (D:1 D:2)
  6 goblins (D:1 D:2 D:3)
  2 hobgoblins (D:2 D:3)
  9 jackals (D:1 D:2 D:3)
  3 quokkas (D:1 D:3)
  8 ball pythons (D:1 D:2 D:3)
  3 frilled lizards (D:1 D:2)
  2 kobolds (D:1)
  4 rats (D:1 D:2)
68 creatures vanquished.

Table legend: (Time is in decaauts)
 A = Elapsed time spent in this place.
 B = Non-inter-level travel time spent in this place.
 C = Inter-level travel time spent in this place.
 D = Time resting spent in this place.
 E = Time spent auto-exploring this place.
 F = Levels seen in this place.
 G = Mean time per level.
                   A        B        C        D        E       F      G
               +--------+--------+--------+--------+--------+-----+--------+
         Total |   2319 |   2199 |    120 |    119 |   1588 |   4 |  579.8 |
       Dungeon |   2319 |   2199 |    120 |    119 |   1588 |   4 |  579.8 |
               +--------+--------+--------+--------+--------+-----+--------+

Top non-repeatable levels by time:
     D:2: 894 daAuts
     D:1: 779 daAuts
     D:3: 632 daAuts
     D:4: 12 daAuts

Table legend:
 A = Non-vault XP
 B = Vault XP
 C = Vault XP percentage of total XP
 D = Non-vault monster count
 E = Vault monster count
 F = Vault count percentage of total count
                 A         B        C        D         E       F
            +---------+---------+-------+---------+---------+-------
      Total |     254 |       8 |   3.1 |      63 |       5 |   7.4
            +---------+---------+-------+---------+---------+-------
        D:1 |      30 |       8 |  21.1 |      19 |       5 |  20.8
        D:2 |      67 |       0 |   0.0 |      26 |       0 |   0.0
        D:3 |     157 |       0 |   0.0 |      18 |       0 |   0.0
            +---------+---------+-------+---------+---------+-------
